AoeStats
← ELPURE

Enclosed

506480054Analyzed
1v1 RM · 18d ago on Sep 13, 2026· 40m 16s· 2 players
Game mode
Random Map
Map size
Tiny (2 player)
Population
200
Speed
Normal
Resources
Standard
Victory
Conquest
Starting age
Dark Age
Ending age
Imperial Age
RankedLock teamsTeams togetherTeam positionsShared explorationLock speedFull tech treeHidden civsTurbo modeCheats
Victory
Defeat
🇺🇸 Maya · United States
1915
+9
🇨🇱 Jurchens · Chile
1740
-9
[CL] El Sin Manos
8:00 Feudal Age
7:53 Loom
8:34 Double-Bit Axe
14:00 Fletching
15:06 Scale Barding Armor
18:57 Wheelbarrow
19:33 Bloodlines
21:48 Castle Age
21:19 Horse Collar
26:38 Town Watch
35:03 Bow Saw
36:22 Fortified Bastions
39:07 Imperial Age
36:30 Elite Skirmisher
37:35 Padded Archer Armor
38:19 Bodkin Arrow
38:40 Leather Archer Armor
38:47 Ballistics
40:24 Ring Archer Armor
39:55 Bracer
41:19 Chemistry
ELPURE
0:26 Loom
8:37 Feudal Age
8:41 Man-at-Arms
9:46 Double-Bit Axe
13:49 Fletching
19:52 Castle Age
18:00 Horse Collar
20:04 Crossbowman
20:40 Bodkin Arrow
21:23 Padded Archer Armor
23:19 Ballistics
24:12 Wheelbarrow
27:48 Bow Saw
34:22 Imperial Age
35:29 Bracer
35:45 Leather Archer Armor
36:37 Chemistry
35:41 Arbalester
37:59 Conscription
38:16 Ring Archer Armor
40:03 Two-Man Saw
39:03 Heavy Plow
39:19 Hand Cart
40:54 Thumb Ring
Connection lost

Rejoining the realm…

Still unreachable

The connection could not be restored.

Session expired

The server has moved on; the page needs a fresh start.